 Dungeon Crawl Stone Soup version 0.28.0-53-g5a82cb258f (webtiles) character file.

Game seed: 17177091781744322169

5621 concernfroge the Thaumaturge (level 10, -2/50 HPs)
             Began as a Deep Elf Conjurer on June 18, 2022.
             Was a Priest of Vehumet.
             Killed by an exploding fulminant prism (17 damage)
             ... while paralysed by a hornet
             ... on level 10 of the Dungeon.
             The game lasted 00:40:02 (10105 turns).

concernfroge the Thaumaturge (Deep Elf Conjurer)   Turns: 10105, Time: 00:40:02

Health: -2/50      AC:  7    Str:  4    XL:     10   Next: 45%
Magic:  20/27      EV:  2    Int: 28    God:    Vehumet [***...]
Gold:   381        SH:  0    Dex: 13    Spells: 17/31 levels left

rFire   . . .      SeeInvis .   (no weapon)
rCold   + . .      Faith    .   (no shield)
rNeg    . . .      Spirit   .   a - +0 robe
rPois   .          Reflect  .   m - +1 helmet
rElec   .          Harm     .   l - +0 cloak
rCorr   .          Rampage  .   e - +0 pair of gloves
Will    ++...                   i - +0 pair of boots
Stlth   ++........              (no amulet)
HPRegen 0.16/turn               h - ring of willpower
MPRegen 0.20/turn               b - ring of protection from cold

@: paralysed, lethally poisoned (-2 -> -21), slowed
A: no striking features
a: Renounce Religion


You were on level 10 of the Dungeon.
You worshipped Vehumet.
Vehumet was most pleased with you.
You visited 2 branches of the dungeon, and saw 11 of its levels.

You collected 480 gold pieces.
You spent 99 gold pieces at shops.

Inventory:

Armour
 a - a +0 robe (worn)
 e - a +0 pair of gloves (worn)
 i - a +0 pair of boots (worn)
 l - a +0 cloak (worn)
 m - a +1 helmet (worn)
Jewellery
 b - a ring of protection from cold (right hand)
 h - a ring of willpower (left hand)
Wands
 j - a wand of flame (41)
 p - a wand of paralysis (9)
 t - a wand of iceblast (15) (quivered)
 x - a wand of mindburst (14)
Scrolls
 c - a scroll of amnesia
 f - a scroll of summoning
 g - 3 scrolls of immolation
 n - a scroll of enchant armour
 o - 2 scrolls of acquirement
 q - a scroll of identify
 s - 2 scrolls of brand weapon
 A - a scroll of fog
Potions
 d - 2 potions of ambrosia
 k - a potion of flight
 r - a potion of mutation {unknown}
 u - a potion of magic
 w - a potion of heal wounds
 z - 3 potions of attraction {unknown}
 B - a potion of might


   Skills:
 - Level 2.4 Dodging
 - Level 2.4 Stealth
 + Level 11.3 Spellcasting
 + Level 10.2 Conjurations
 + Level 10.1 Hexes
 + Level 7.2 Evocations


You had 17 spell levels left.
You knew the following spells:

 Your Spells              Type           Power      Damage    Failure   Level
a - Magic Dart            Conj           100%       1d8       1%          1
b - Searing Ray           Conj           100%       2d8       1%          2
c - Dazzling Flash        Conj/Hex       100%       N/A       1%          3
d - Fulminant Prism       Conj/Hex       32%        3d16      1%          4
e - Iskenderun's Mystic   Conj/Tloc      44%        2d10      1%          4

Your spell library contained the following spells:

 Spells                   Type           Power      Damage    Failure   Level
 Inner Flame              Hex/Fire       44%        N/A       1%          3
 Mephitic Cloud           Conj/Pois/Air  35%        N/A       1%          3
 Beastly Appendage        Tmut           30%        N/A       3%          1
 Ignite Poison            Fire/Tmut/Pois 15%        N/A       3%          3
 Wereblood                Tmut           15%        N/A       5%          2
 Freezing Cloud           Conj/Ice/Air   17%        6-21      7%          5
 Spider Form              Tmut/Pois      15%        N/A       11%         3


Dungeon Overview and Level Annotations

Branches:
Dungeon (10/15)            Temple (1/1) D:4
   Lair: D:8-11         Orc: D:9-12

Altars:
Ashenzari
Cheibriados
Dithmenos
Elyvilon
Fedhas
Gozag
Hepliaklqana
Kikubaaqudgha
Makhleb
Nemelex Xobeh
Okawaru
Qazlal
Ru
Sif Muna
Trog
Uskayaw
Vehumet
Wu Jian
Xom
Yredelemnul
Zin
The Shining One

Shops:
D:4 !   D:8 *   D:9 :

Portals:
Bailey: D:10

Annotations:
D:7 2 runed translucent doors, styxcanada's ghost, novice SpBr


Message History

You now have 381 gold pieces (gained 20).
A hornet comes into view.
The hornet buzzes angrily.
Casting: Searing Ray (safe; 1% risk of failure)
Confirm with . or Enter, or press ? or * to list all spells.
You erupt in a blast of force!
The mystic blast hits the hornet!
The hornet is moderately wounded.
The hornet is knocked back by the mystic blast.
The hornet slams into the rock wall!
The hornet is moderately wounded.
The hornet stings you but does no damage.
Casting: Iskenderun's Mystic Blast (dangerous; 1% risk of failure)
Confirm with . or Enter, or press ? or * to list all spells.
Casting: Dazzling Flash (safe; 1% risk of failure)
Press: ? - help, Dir - look around, f - activate The hornet is dazzled.
The hornet misses you.
Casting: Dazzling Flash (safe; 1% risk of failure)
Confirm with . or Enter, or press ? or * to list all spells.
Aiming: Fulminant Prism (safe; 1% risk of failure)
Press: ? - help, Dir - move target You conjure a prism of explosive energy!
A fulminant prism comes into view.
The hornet barely misses you. The hornet stings you!
You feel yourself slow down. The hornet stings you.
You are poisoned.
You suddenly lose the ability to move!
Your fulminant prism crackles loudly.
The hornet stings you!
You are lethally poisoned!
You feel as though you will be slow longer.
* * * LOW HITPOINT WARNING * * *
You feel very sick.
The hornet stings you but does no damage.
Your fulminant prism explodes!
The blast of energy engulfs the hornet!!
You kill the hornet!
Vehumet accepts your kill.
You feel your power returning. The blast of energy engulfs you!
You die...

...............># # #.##.#
##..##...###...## #.# #.##.#
#..###.## ##.## #.####.##.# #
.##... ###.#####.#....##.####
..... ...........#.......[.
.##...####...................
# ##.............#.##########
#. #...#####.# #.#@......#
#.†.####### #####


There were no monsters in sight!

Vanquished Creatures
  A hornet (D:10)
  4 yaks (D:9)
  3 wyverns
  3 steam dragons
  Menkaure (D:6)
  2 water moccasins
  An orc warrior (D:8)
  3 ice beasts
  A sky beast (D:6)
  4 ogres
  6 centaurs
  A kobold brigand (D:9)
  7 bullfrogs
  2 scorpions
  8 killer bees (D:9)
  8 wights
  7 howler monkeys
  5 centaur zombies
  2 bullfrog zombies
  3 hounds
  9 orc priests
  2 jellies
  A centaur skeleton (D:6)
  An iguana (D:6)
  3 orc wizards
  A killer bee zombie (D:8)
  A hound skeleton (D:4)
  Robin (D:4)
  5 adders
  2 howler monkey skeletons
  3 worms
  2 dart slugs (D:1)
  25 orcs
  15 endoplasms
  2 giant cockroaches
  16 goblins
  9 hobgoblins
  4 quokkas
  5 ball pythons
  6 bats
  3 frilled lizards
  10 kobolds
  7 rats
205 creatures vanquished.

Vanquished Creatures (others)
  41 fulminant prisms
41 creatures vanquished.

Grand Total: 246 creatures vanquished

Notes
Turn   | Place    | Note
-------+----------+-------------------------------------------
     0 | D:1      | concernfroge the Deep Elf Conjurer began the quest for the
                  | Orb.
     0 | D:1      | Reached XP level 1. HP: 10/10 MP: 6/6
   211 | D:1      | Reached XP level 2. HP: 15/15 MP: 2/8
   319 | D:1      | Learned a level 2 spell: Searing Ray
   584 | D:1      | Reached skill level 4 in Spellcasting
   666 | D:1      | Found a faded altar of an unknown god.
   667 | D:1      | Noticed a floating eye
   670 | D:1      | Noticed a shining eye
   670 | D:1      | Noticed an eye of devastation
   670 | D:1      | Noticed a floating eye
   678 | D:1      | Reached XP level 3. HP: 19/19 MP: 8/10
   796 | D:1      | Reached skill level 5 in Conjurations
  1981 | D:3      | Reached XP level 4. HP: 20/24 MP: 7/12
  1986 | D:3      | Learned a level 3 spell: Dazzling Flash
  1991 | D:3      | Learned a level 4 spell: Fulminant Prism
  2251 | D:3      | Noticed a +0 hand axe
  2252 | D:3      | Found a hide-covered altar of Uskayaw.
  2252 | D:3      | Noticed a +0 hand axe
  2483 | D:4      | Reached skill level 1 in Hexes
  2530 | D:4      | Found a staircase to the Ecumenical Temple.
  2539 | Temple   | Entered the Ecumenical Temple
  2824 | Temple   | Became a worshipper of Vehumet
  2851 | D:4      | Noticed Robin
  2855 | D:4      | Reached skill level 5 in Spellcasting
  3027 | D:4      | Found Geotam's Distillery.
  3067 | D:4      | Bought a potion of heal wounds for 55 gold pieces
  3069 | D:4      | Noticed an ogre
  3076 | D:4      | Killed an ogre
  3077 | D:4      | Reached XP level 5. HP: 28/28 MP: 5/15
  3114 | D:4      | Learned a level 4 spell: Iskenderun's Mystic Blast
  3229 | D:4      | Reached XP level 6. HP: 32/32 MP: 13/16
  3359 | D:4      | Killed Robin
  3573 | D:5      | Entered Level 5 of the Dungeon
  3649 | D:5      | Reached skill level 6 in Spellcasting
  4032 | D:5      | Noticed a water moccasin
  4038 | D:5      | Killed a water moccasin
  4039 | D:5      | Reached XP level 7. HP: 36/36 MP: 10/19
  4046 | D:5      | Reached * piety under Vehumet
  4046 | D:5      | Offered knowledge of Freeze by Vehumet.
  4069 | D:5      | Reached skill level 7 in Spellcasting
  4159 | D:5      | Reached skill level 5 in Hexes
  4693 | D:6      | Noticed a steam dragon
  4697 | D:6      | Killed a steam dragon
  4698 | D:6      | Reached skill level 1 in Evocations
  4768 | D:6      | Reached XP level 8. HP: 41/41 MP: 9/21
  4882 | D:6      | Reached skill level 8 in Spellcasting
  4974 | D:6      | Noticed Menkaure
  4979 | D:6      | Killed Menkaure
  5633 | D:6      | Identified a scroll of acquirement
  5673 | D:7      | Reached skill level 9 in Spellcasting
  5674 | D:7      | Reached XP level 9. HP: 22/45 MP: 10/24
  5975 | D:7      | Found a large runed translucent door.
  5976 | D:7      | Found a large runed translucent door.
  5979 | D:7      | Noticed styxcanada's ghost (novice SpBr)
  6111 | D:7      | Offered knowledge of Scorch by Vehumet.
  6113 | D:7      | Reached ** piety under Vehumet
  6311 | D:7      | Reached skill level 5 in Evocations
  6925 | D:8      | Reached skill level 10 in Spellcasting
  7228 | D:8      | Found Isuex's General Store.
  7426 | D:8      | Bought a scroll of identify for 22 gold pieces
  7426 | D:8      | Bought a scroll of identify for 22 gold pieces
  8083 | D:9      | Reached XP level 10. HP: 47/50 MP: 11/26
  8170 | D:9      | Offered knowledge of Inner Flame by Vehumet.
  8609 | D:9      | Found Wostrie's Book Emporium.
  9074 | D:9      | Reached skill level 11 in Spellcasting
  9080 | D:9      | Reached skill level 10 in Conjurations
  9413 | D:9      | Reached skill level 10 in Hexes
  9600 | D:10     | Entered Level 10 of the Dungeon
  9650 | D:10     | Reached *** piety under Vehumet
  9818 | D:10     | Found a flagged portal.
 10104 | D:10     | Paralysed by a hornet for 3 turns
 10105 | D:10     | Killed by an exploding fulminant prism

Illustrated notes

Levels and vault maps discovered:
D:1:      tarquinn_simple_flora_water_f, layout_basic,
          hellmonk_ecumenical_altar_watching_god
D:2:      layout_rooms
D:3:      layout_rooms, dancing_weapons_uskayaw, serial_bayou_pond_c
D:4:      layout_cave_pools, minmay_temple_entry_mist, serial_shops,
          nicolae_shop_stone, uniq_robin
D:5:      layout_gridville, grunt_ministairs_9
D:6:      layout_cave_pools, gup_sewer_entry_bowl, uniq_menkaure
D:7:      layout_basic, ebering_ghost_disaster_area, nicolae_lava_and_water
D:8:      layout_loops_ring, serial_shops, shop, st_stairs_10
D:9:      layout_loops_ring, serial_shops, shop
D:10:     layout_loops_ring, erik_lair_dragon, enter_bailey_2, worms_lemuel
Temple:   nicolae_temple_the_god_donut

Skill      XL: |  1  2  3  4  5  6  7  8  9 10 |
---------------+-------------------------------+-----
Spellcasting   | 4 5 6 7 9 10 11 | 11.3
Conjurations   | 5 6 7 8 9 10 | 10.2
Hexes          | 2 3 4 5 7 9 10 | 10.1
Evocations     | 2 4 6 7 |  7.2
Dodging        | |  2.4
Stealth        | |  2.4

Action                   |  1- 3 |  4- 6 |  7- 9 | 10-12 || total
-------------------------+-------+-------+-------+-------++-------
 Cast: Magic Dart        |    73 |    46 |    85 |    40 ||   244
       Searing Ray       |    11 |    13 |    48 |    29 ||   101
       Fulminant Prism   |       |     5 |    23 |    14 ||    42
       Iskenderun's Myst |       |       |       |     1 ||     1
       Dazzling Flash    |       |       |       |     1 ||     1
Evoke: Wand              |       |     1 |     4 |       ||     5
  Use: Scroll            |     4 |     2 |    12 |     3 ||    21
       Potion            |     1 |     4 |     3 |     2 ||    10
Armor: Robe              |     2 |     2 |    13 |    12 ||    29
Dodge: Dodged            |     7 |    11 |    24 |    37 ||    79
